 Dungeon Crawl Stone Soup version 0.26-a0-415-g2a96157 (webtiles) character file.

Game seed: 13120069891169512083

78 Anno the Sneak (level 4, -3/35 HPs)
             Began as a Human Delver on July 26, 2020.
             Was a Follower of Kikubaaqudgha.
             Killed from afar by an orc wizard (10 damage)
             ... with a magic dart
             ... on level 4 of the Dungeon.
             The game lasted 00:11:32 (3900 turns).

Anno the Sneak (Human Delver)                       Turns: 3900, Time: 00:11:32

Health: -3/35      AC:  5    Str: 13    XL:     4   Next: 61%
Magic:  4/4        EV: 12    Int: 11    God:    Kikubaaqudgha [*.....]
Gold:   139        SH:  0    Dex: 14    Spells: 1/3 levels left

rFire    . . .     SeeInvis .   a - +0 falchion
rCold    . . .     Faith    .   (no shield)
rNeg     . . .     Spirit   .   s - +0 leather armour
rPois    .         Reflect  .   t - +0 helmet
rElec    .         Harm     .   (no cloak)
rCorr    .                      (no gloves)
MR       .....                  q - +0 pair of boots
Stlth    +++.......             (no amulet)
HPRegen  0.11/turn              (no ring)
MPRegen  0.09/turn              (no ring)

@: no status effects
A: no striking features
a: Receive Corpses, Renounce Religion


You were on level 4 of the Dungeon.
You worshipped Kikubaaqudgha.
Kikubaaqudgha was aware of your devotion.
You visited 2 branches of the dungeon, and saw 6 of its levels.

You collected 139 gold pieces.

Inventory:

Hand Weapons
 a - a +0 falchion (weapon)
 b - a +0 dagger of draining
Missiles
 j - 82 arrows
Armour
 q - a +0 pair of boots (worn)
 s - a +0 leather armour (worn)
 t - a +0 helmet (worn)
Jewellery
 u - an uncursed ring of wizardry {unknown}
Wands
 g - a wand of digging (3)
Scrolls
 c - a scroll of fog
 d - 2 scrolls of magic mapping
 i - a scroll of enchant armour {unknown}
 k - 2 scrolls of teleportation {unknown}
 l - 4 scrolls of identify {unknown}
 p - 2 scrolls of amnesia {unknown}
 r - a scroll of remove curse {unknown}
Potions
 f - a potion of haste
 h - a potion of resistance {unknown}
 m - a potion of invisibility {unknown}
 n - a potion of flight {unknown}
 o - 3 potions of curing {unknown}
 v - a potion of degeneration {unknown}


   Skills:
 - Level 3.0 Fighting
 - Level 4.2 Long Blades
 - Level 2.0 Dodging
 - Level 5.0 Stealth
 * Level 1.1 Necromancy


You had one spell level left.
You knew the following spells:

 Your Spells              Type           Power        Failure   Level
a - Animate Skeleton      Necr           #.....       28%         1
b - Pain                  Necr           #...         28%         1

Your spell library contained the following spells:

 Spells                   Type           Power        Failure   Level
 Apportation              Tloc           #.....       41%         1
 Corona                   Hex            #......      41%         1
 Summon Small Mammal      Summ           #...         41%         1
 Sublimation of Blood     Necr           #.........   41%         2
 Vampiric Draining        Necr           #.........   65%         3


Dungeon Overview and Level Annotations

Branches:
Dungeon (5/15)             Temple (1/1) D:4

Altars:
Ashenzari
Dithmenos
Gozag
Hepliaklqana
Kikubaaqudgha
Makhleb
Nemelex Xobeh
Okawaru
Qazlal
Ru
Trog
Vehumet
Wu Jian
Xom
Yredelemnul

Annotations:
D:4 2 transporters, exclusions: ogre, orc, orc wizard and worker ant, smeego's ghost, amateur OpFi


Message History

You hit the orc wizard but do no damage.
The orc wizard gestures wildly while chanting.
The orc wizard flickers and vanishes!
Deactivating autopickup; reactivate with Ctrl-A.
Really walk into a travel-excluded area?
Okay, then.
You hit something. Something hits you but does no damage.
You hit something. Something hits you but does no damage.
You slash something! Something hits you.
* * * LOW HITPOINT WARNING * * *
You hit something. Something hits you but does no damage.
You miss something. Something hits you but does no damage.
You miss something. Something hits you but does no damage.
You miss something. Something hits you but does no damage.
You barely miss something.
You hear some strange, mumbled words.
A magic dart appears from out of thin air!
The magic dart hits you!
You die...
Kikubaaqudgha rasps: "You have failed me!
Welcome... death!"

...........#..##..##....'....#
...........#......+.....#....#
...........#......#.....#....#
...........#.....>#.....#....#
...........#+###'####'###....#
#
#######.......##.#.......#####
# #....#.......#..#.......+ #
#....#.......'..{..?....# #
##.###.......#.@#.......# #
##.#####.....#..#.......# #
#......'.....####.......# #
#......#...............## #
#..##..#...............# #
###'##'#####+#.....o.oo.# #
.............#..........# #
.............#..........# #
.............#..<... #


There were no monsters in sight!

Vanquished Creatures
  An adder (D:2)
  An ooze (D:3)
  4 dart slugs
  2 leopard geckos
  A ball python (D:4)
  8 bats
  4 giant cockroaches
  6 goblins
  5 hobgoblins
  2 jackals (D:2)
  2 quokkas
  5 frilled lizards
  4 kobolds
  6 rats
51 creatures vanquished.

Vanquished Creatures (others)
  A quokka (D:5)
1 creature vanquished.

Grand Total: 52 creatures vanquished

Notes
Turn   | Place    | Note
-------+----------+-------------------------------------------
     0 | D:5      | Anno the Human Delver began the quest for the Orb.
     0 | D:5      | Reached XP level 1. HP: 18/18 MP: 1/1
    83 | D:4      | Found a staircase to the Ecumenical Temple.
   101 | Temple   | Entered the Ecumenical Temple
   533 | Temple   | Became a worshipper of Kikubaaqudgha
   670 | D:4      | Noticed an orc wizard
   778 | D:4      | Noticed a worker ant
   884 | D:1      | Reached XP level 2. HP: 24/24 MP: 2/2
  1465 | D:1      | Reached XP level 3. HP: 26/29 MP: 3/3
  2492 | D:2      | Reached XP level 4. HP: 35/35 MP: 4/4
  2649 | D:3      | Learned a level 1 spell: Animate Skeleton
  2823 | D:3      | Reached * piety under Kikubaaqudgha
  2823 | D:3      | Identified Kikubaaqudgha's Volume of Unholy Magic
                  | (Kikubaaqudgha gifted it to you on level 3 of the Dungeon)
  2823 | D:3      | Received a gift from Kikubaaqudgha
  2830 | D:3      | Learned a level 1 spell: Pain
  2874 | D:3      | Reached skill level 1 in Necromancy
  2969 | D:3      | Found an iron altar of Okawaru.
  2969 | D:3      | Found an ornate altar of the Wu Jian Council.
  2969 | D:3      | Found a radiant altar of Vehumet.
  3405 | D:4      | Found a transporter.
  3407 | D:4      | Found a transporter.
  3407 | D:4      | Noticed an ogre
  3486 | D:4      | Noticed smeego's ghost (amateur OpFi)
  3900 | D:4      | Killed from afar by an orc wizard

Illustrated notes

Levels and vault maps discovered:
D:1:      saegor_arrival_under_anarchy, layout_loops_corners, minivault_5
D:2:      layout_rooms, minmay_misc_feat_square, minmay_misc_feat_encased
D:3:      layout_loops_ring, gammafunk_temple_overflow_claw, kennysheep_nub
D:4:      layout_gridville, minmay_temple_entry_stoned_glass,
          gammafunk_ghost_mausoleum
D:5:      layout_basic, elyvilon_altar_4, serial_shops, nicolae_shop_trees
Temple:   minmay_temple_forest_path

Skill      XL: |  1  2  3  4 |
---------------+-------------+-----
Long Blades    | 3 4 |  4.2
Necromancy     | 1 |  1.1
Fighting       | |  3.0
Dodging        | |  2.0
Stealth        | |  5.0

Action                   |  1- 3 |  4- 6 || total
-------------------------+-------+-------++-------
Melee: Falchion          |    87 |    61 ||   148
  Use: Scroll            |       |     1 ||     1
 Stab: Sleeping          |    13 |     6 ||    19
Armor: Leather armour    |    19 |    18 ||    37
Dodge: Dodged            |    56 |    32 ||    88
       Rpst.: Falchion   |    17 |     7 ||    24

Table legend: (Time is in decaauts)
 A = Elapsed time spent in this place.
 B = Non-inter-level travel time spent in this place.
 C = Inter-level travel time spent in this place.
 D = Time resting spent in this place.
 E = Time spent auto-exploring this place.
 F = Levels seen in this place.
 G = Mean time per level.
                   A        B        C        D        E       F      G
               +--------+--------+--------+--------+--------+-----+--------+
         Total |   3918 |   3689 |    229 |      6 |   3078 |   6 |  653.0 |
       Dungeon |   3460 |   3347 |    113 |      6 |   2739 |   5 |  692.0 |
        Temple |    458 |    342 |    116 |      0 |    339 |   1 |  458.0 |
               +--------+--------+--------+--------+--------+-----+--------+

Top non-repeatable levels by time:
     D:1: 1047 daAuts
     D:4: 891 daAuts
     D:3: 750 daAuts
     D:2: 718 daAuts
  Temple: 458 daAuts
     D:5: 53 daAuts
